MLB
LOS ANGELES ANGELS @ BOSTON RED SOX
05/05/2020
 
TOP OF THE 1ST
Los Angeles Angels batting - Pitching for Boston Red Sox : RHP Nathan Eovaldi
Pitching: RHP Nathan Eovaldi
Batting: LHB Tommy La Stella 0-0: Ball
1-0: Ground out 4-3 (Groundball, 4S, EV 93.1 MPH)
Batting: RHB Mike Trout 0-0: Called Strike
0-1: Ball
1-1: Ball
2-1: Foul Ball, location: 2F
2-2: Ground out U3 (Groundball, 34, EV 81.9 MPH)
Batting: RHB Anthony Rendon 0-0: Swinging Strike
0-1: Ball
1-1: Swinging Strike
1-2: Foul Ball, location: 2F
1-2: Strikes out swinging
Top of the 1st over - 0 runs, 0 hits, 0 errors, 0 left on base; Los Angeles 0 - Boston 0
BOTTOM OF THE 1ST
Boston Red Sox batting - Pitching for Los Angeles Angels : LHP Andrew Heaney
Pitching: LHP Andrew Heaney
Batting: RHB Jose Peraza 0-0: SINGLE (Line Drive, 4MD, EV 106.3 MPH)
Batting: RHB Xander Bogaerts 0-0: Ball
1-0: Foul Ball, location: 2F
1-1: Ball
2-1: 2-RUN HOME RUN (Line Drive, 7D, EV 108.8 MPH), Distance : 403 ft
Batting: RHB J.D. Martinez 0-0: Ball
1-0: Ground out 4-3 (Groundball, 34, EV 103.1 MPH)
Batting: LHB Rafael Devers 0-0: Swinging Strike
0-1: Ball
1-1: Foul Ball, location: 2F
1-2: Strikes out swinging
Batting: RHB Michael Chavis 0-0: Ball
1-0: Called Strike
1-1: Ball
2-1: Foul Ball, location: 2F
2-2: SINGLE (Popup, 6D, EV 61.3 MPH)
Batting: LHB Alex Verdugo 0-0: DOUBLE (Line Drive, 9LM, EV 104.4 MPH)
Michael Chavis to third
Runner from 3rd tries for Home, SAFE, throw by RF to home
Batting: RHB Christian Vazquez 0-0: Called Strike
0-1: Ball
Wild Pitch!
Alex Verdugo to third
1-1: DOUBLE (Line Drive, 8LXD, EV 103.1 MPH)
Alex Verdugo scores
Batting: RHB Kevin Pillar 0-0: Ball
1-0: Ball
2-0: Ball
3-0: Called Strike
3-1: Ground out 1-3 (Groundball, 34S, EV 63.1 MPH)
Bottom of the 1st over - 4 runs, 5 hits, 0 errors, 1 left on base; Los Angeles 0 - Boston 4
TOP OF THE 2ND
Los Angeles Angels batting - Pitching for Boston Red Sox : RHP Nathan Eovaldi
Batting: LHB Shohei Ohtani 0-0: Called Strike
0-1: Swinging Strike
0-2: Foul Ball, location: 2F
0-2: Fly out, F7 (Flyball, 7, EV 92.5 MPH)
Batting: LHB Brian Goodwin 0-0: Called Strike
0-1: Ball
1-1: Ball
2-1: Foul Ball, location: 2F
2-2: Fly out, F9 (Flyball, 9, EV 90.0 MPH)
Batting: LHB Matt Thaiss 0-0: Ball
1-0: Ball
2-0: Ball
3-0: DOUBLE (Line Drive, 89D, EV 113.1 MPH)
Batting: RHB Andrelton Simmons 0-0: Ball
1-0: Fly out, F9 (Flyball, 9, EV 90.0 MPH)
Top of the 2nd over - 0 runs, 1 hit, 0 errors, 1 left on base; Los Angeles 0 - Boston 4
BOTTOM OF THE 2ND
Boston Red Sox batting - Pitching for Los Angeles Angels : LHP Andrew Heaney
Batting: LHB Jackie Bradley Jr. 0-0: Foul Ball, location: 2F
0-1: TRIPLE (Line Drive, 8RXD, EV 102.5 MPH)
Batting: RHB Jose Peraza 0-0: Called Strike
0-1: Ball
1-1: SINGLE (Flyball, 9LS, EV 91.9 MPH)
Jackie Bradley Jr. scores
Batting: RHB Xander Bogaerts 0-0: Ball
1-0: Called Strike
1-1: Ball
2-1: SINGLE (Line Drive, 7LS, EV 96.3 MPH)
Jose Peraza to second
Pitching: RHP Mike Mayers
Batting: RHB J.D. Martinez 0-0: Ball
1-0: Foul Ball, location: 2F
1-1: Ball
2-1: Fly out, F6 (Flyball, 56D, EV 91.9 MPH)
Batting: LHB Rafael Devers 0-0: Called Strike
Jose Peraza steals 3rd base
Xander Bogaerts to second
0-1: Swinging Strike
0-2: Strikes out swinging
Batting: RHB Michael Chavis 0-0: Foul Ball, location: 2F
0-1: Foul Ball, location: 2F
0-2: Ball
1-2: Foul Ball, location: 2F
1-2: 3-RUN HOME RUN (Flyball, 78XD, EV 96.3 MPH), Distance : 404 ft
Batting: LHB Alex Verdugo 0-0: Ball
1-0: Ball
2-0: Ball
3-0: Called Strike
3-1: Base on Balls
Batting: RHB Christian Vazquez 0-0: Foul Ball, location: 2F
0-1: Ball
1-1: Foul Ball, location: 2F
1-2: Fly out, F7 (Flyball, 7LS, EV 93.8 MPH)
Bottom of the 2nd over - 4 runs, 4 hits, 0 errors, 1 left on base; Los Angeles 0 - Boston 8
TOP OF THE 3RD
Los Angeles Angels batting - Pitching for Boston Red Sox : RHP Nathan Eovaldi
Batting: LHB Jason Castro 0-0: Ball
1-0: Ball
2-0: Swinging Strike
2-1: Ball
3-1: Foul Ball, location: 2F
3-2: Foul Ball, location: 2F
3-2: Base on Balls
Batting: RHB Michael Hermosillo 0-0: Ball
1-0: Called Strike
1-1: Ball
2-1: Foul Ball, location: 2F
2-2: 2-RUN HOME RUN (Flyball, 7LD, EV 92.5 MPH), Distance : 330 ft
Batting: LHB Tommy La Stella 0-0: Ball
1-0: Ball
2-0: Ball
3-0: Base on Balls
Batting: RHB Mike Trout 0-0: Called Strike
0-1: Ball
1-1: Foul Ball, location: 2F
1-2: Ball
2-2: Foul Ball, location: 2F
2-2: Ball
3-2: Base on Balls
Tommy La Stella to second
Batting: RHB Anthony Rendon 0-0: Ball
1-0: Fly out, F5 (Popup, 25, EV 83.8 MPH)
Batting: LHB Shohei Ohtani 0-0: Foul Ball, location: 2F
0-1: Foul Ball, location: 2F
0-2: Ball
1-2: Foul Ball, location: 2F
1-2: Ball
2-2: Strikes out swinging
Batting: LHB Brian Goodwin 0-0: Swinging Strike
0-1: Ball
1-1: Ball
2-1: Foul Ball, location: 2F
2-2: Ball
3-2: Foul Ball, location: 2F
3-2: Foul Ball, location: 2F
3-2: Foul Ball, location: 2F
3-2: Foul Ball, location: 2F
3-2: Fly out, F9 (Flyball, 9D, EV 95.0 MPH)
Top of the 3rd over - 2 runs, 1 hit, 0 errors, 2 left on base; Los Angeles 2 - Boston 8
BOTTOM OF THE 3RD
Boston Red Sox batting - Pitching for Los Angeles Angels : RHP Mike Mayers
Batting: RHB Kevin Pillar 0-0: Ball
1-0: Ball
2-0: Called Strike
2-1: Ball
3-1: Foul Ball, location: 2F
3-2: Foul Ball, location: 2F
3-2: Base on Balls
Pitching: RHP Keynan Middleton
Batting: LHB Jackie Bradley Jr. 0-0: Called Strike
0-1: Foul Ball, location: 2F
0-2: Strikes out swinging
Batting: RHB Jose Peraza 0-0: Grounds into double play, 1-4-3 (Groundball, 25, EV 83.8 MPH)
Bottom of the 3rd over - 0 runs, 0 hits, 0 errors, 0 left on base; Los Angeles 2 - Boston 8
TOP OF THE 4TH
Los Angeles Angels batting - Pitching for Boston Red Sox : RHP Nathan Eovaldi
Batting: LHB Matt Thaiss 0-0: Foul Ball, location: 2F
0-1: Ball
1-1: Foul Ball, location: 2F
1-2: Ball
2-2: Ball
3-2: Foul Ball, location: 2F
3-2: Base on Balls
Batting: RHB Andrelton Simmons 0-0: Ball
1-0: Ball
2-0: Ball
3-0: Swinging Strike
3-1: Swinging Strike
3-2: Foul Ball, location: 2F
3-2: Strikes out swinging
Batting: LHB Jason Castro 0-0: Called Strike
0-1: Ball
1-1: Ball
2-1: Foul Ball, location: 2F
2-2: Fielders Choice at 2nd, 4-6 (Groundball, 4, EV 83.1 MPH)
Batting: RHB Michael Hermosillo 0-0: SINGLE (Line Drive, 4MD, EV 95.6 MPH)
Jason Castro to second
Runner from 2nd tries for 3rd, SAFE, throw by CF made to third
Batting: LHB Tommy La Stella 0-0: Called Strike
0-1: Foul Ball, location: 2F
0-2: Fly out, F4 (Popup, 4D, EV 66.3 MPH)
Top of the 4th over - 0 runs, 1 hit, 0 errors, 2 left on base; Los Angeles 2 - Boston 8
BOTTOM OF THE 4TH
Boston Red Sox batting - Pitching for Los Angeles Angels : RHP Keynan Middleton
Batting: RHB Xander Bogaerts 0-0: Called Strike
0-1: Ball
1-1: Foul Ball, location: 2F
1-2: Ball
2-2: Foul Ball, location: 2F
2-2: Ball
3-2: Fly out, F7 (Flyball, 7, EV 86.3 MPH)
Batting: RHB J.D. Martinez 0-0: Swinging Strike
0-1: Foul Ball, location: 2F
0-2: Ball
1-2: Ball
2-2: Strikes out swinging
Batting: LHB Rafael Devers 0-0: Fly out, F7 (Flyball, 78D, EV 88.8 MPH)
Bottom of the 4th over - 0 runs, 0 hits, 0 errors, 0 left on base; Los Angeles 2 - Boston 8
TOP OF THE 5TH
Los Angeles Angels batting - Pitching for Boston Red Sox : RHP Nathan Eovaldi
Batting: RHB Mike Trout 0-0: Called Strike
0-1: Ball
1-1: Ball
2-1: Swinging Strike
2-2: Strikes out looking
Batting: RHB Anthony Rendon 0-0: Called Strike
0-1: Foul Ball, location: 2F
0-2: Ball
1-2: SINGLE (Flyball, 4D, EV 88.1 MPH)
Batting: LHB Shohei Ohtani 0-0: Called Strike
0-1: SINGLE (Groundball, 56S, EV 73.8 MPH) (infield hit)
Anthony Rendon to second
Batting: LHB Brian Goodwin 0-0: Called Strike
0-1: Swinging Strike
0-2: Ball
1-2: 3-RUN HOME RUN (Flyball, 9D, EV 91.3 MPH), Distance : 427 ft
Pitching: RHP Marcus Walden
Batting: LHB Matt Thaiss 0-0: Called Strike
0-1: Ball
1-1: Ball
2-1: Ball
3-1: SINGLE (Groundball, 56S, EV 65.0 MPH) (infield hit)
Batting: RHB Andrelton Simmons 0-0: Ball
1-0: SINGLE (Line Drive, 5D, EV 98.8 MPH)
Matt Thaiss to second
Batting: LHB Jason Castro 0-0: Ball
1-0: Ball
2-0: Ball
3-0: Base on Balls
Matt Thaiss to third
Andrelton Simmons to second
Batting: RHB Michael Hermosillo 0-0: Called Strike
0-1: Foul Ball, location: 2F
0-2: Strikes out swinging
Batting: LHB Tommy La Stella 0-0: Foul Ball, location: 2F
0-1: Foul Ball, location: 2F
0-2: Ball
1-2: Ball
2-2: Ground out 4-3 (Groundball, 4, EV 84.4 MPH)
Top of the 5th over - 3 runs, 5 hits, 0 errors, 3 left on base; Los Angeles 5 - Boston 8
BOTTOM OF THE 5TH
Boston Red Sox batting - Pitching for Los Angeles Angels : RHP Keynan Middleton
Batting: RHB Michael Chavis 0-0: Ball
1-0: Ball
2-0: Called Strike
2-1: Foul Ball, location: 2F
2-2: Strikes out swinging
Pitching: RHP Cam Bedrosian
Batting: LHB Alex Verdugo 0-0: Foul Ball, location: 2F
0-1: Ball
1-1: Called Strike
1-2: Ball
2-2: Fly out, F8 (Flyball, 8RS, EV 81.3 MPH)
Batting: RHB Christian Vazquez 0-0: Ball
1-0: Foul Ball, location: 2F
1-1: Called Strike
1-2: Foul Ball, location: 2F
1-2: Ground out U3 (Groundball, 34S, EV 90.0 MPH)
Bottom of the 5th over - 0 runs, 0 hits, 0 errors, 0 left on base; Los Angeles 5 - Boston 8
TOP OF THE 6TH
Los Angeles Angels batting - Pitching for Boston Red Sox : RHP Marcus Walden
Batting: RHB Mike Trout 0-0: Ball
1-0: Ball
2-0: Called Strike
2-1: Ground out 4-3 (Groundball, 4S, EV 63.1 MPH)
Batting: RHB Anthony Rendon 0-0: Called Strike
0-1: Ball
1-1: Swinging Strike
1-2: Ball
2-2: Strikes out swinging
Batting: LHB Shohei Ohtani 0-0: Fly out, F7 (Line Drive, 7, EV 104.4 MPH)
Top of the 6th over - 0 runs, 0 hits, 0 errors, 0 left on base; Los Angeles 5 - Boston 8
BOTTOM OF THE 6TH
Boston Red Sox batting - Pitching for Los Angeles Angels : RHP Cam Bedrosian
Batting: RHB Kevin Pillar 0-0: Called Strike
0-1: Ball
1-1: Foul Ball, location: 2F
1-2: Foul Ball, location: 2F
1-2: Fly out, F7 (Flyball, 7LS, EV 95.6 MPH)
Batting: LHB Jackie Bradley Jr. 0-0: Ball
1-0: Called Strike
1-1: Called Strike
1-2: Strikes out looking
Pitching: RHP Justin Anderson
Batting: RHB Jose Peraza 0-0: Called Strike
0-1: Fly out, F9 (Flyball, 9S, EV 73.1 MPH)
Bottom of the 6th over - 0 runs, 0 hits, 0 errors, 0 left on base; Los Angeles 5 - Boston 8
TOP OF THE 7TH
Los Angeles Angels batting - Pitching for Boston Red Sox : RHP Marcus Walden
Now at 2B: Tzu-Wei Lin
Batting: LHB Brian Goodwin 0-0: Foul Ball, location: 2F
0-1: Ball
1-1: Foul Ball, location: 2F
1-2: Ball
2-2: Ball
3-2: Foul Ball, location: 2F
3-2: Fly out, F8 (Flyball, 8RS, EV 85.6 MPH)
Batting: LHB Matt Thaiss 0-0: Called Strike
0-1: Ball
1-1: Ball
2-1: Foul Ball, location: 2F
2-2: Strikes out swinging
Batting: RHB Andrelton Simmons 0-0: Swinging Strike
0-1: Foul Ball, location: 2F
0-2: Ball
1-2: Ground out 5-3 (Groundball, 56D, EV 104.4 MPH)
Top of the 7th over - 0 runs, 0 hits, 0 errors, 0 left on base; Los Angeles 5 - Boston 8
BOTTOM OF THE 7TH
Boston Red Sox batting - Pitching for Los Angeles Angels : RHP Justin Anderson
Batting: RHB Xander Bogaerts 0-0: Ball
1-0: Ball
2-0: Foul Ball, location: 2F
2-1: Swinging Strike
2-2: Fly out, F8 (Flyball, 8RXD, EV 96.3 MPH)
Batting: RHB J.D. Martinez 0-0: Called Strike
0-1: Foul Ball, location: 2F
0-2: Foul Ball, location: 2F
0-2: Ball
1-2: Fly out, F7 (Flyball, 7S, EV 87.5 MPH)
Batting: LHB Rafael Devers 0-0: Swinging Strike
0-1: Ball
1-1: Ball
2-1: Foul Ball, location: 2F
2-2: Strikes out swinging
Bottom of the 7th over - 0 runs, 0 hits, 0 errors, 0 left on base; Los Angeles 5 - Boston 8
TOP OF THE 8TH
Los Angeles Angels batting - Pitching for Boston Red Sox : RHP Marcus Walden
Batting: LHB Jason Castro 0-0: Ball
1-0: Ball
2-0: Foul Ball, location: 2F
2-1: Foul Ball, location: 2F
2-2: Ball
3-2: Foul Ball, location: 2F
3-2: Foul Ball, location: 2F
3-2: Fly out, F8 (Flyball, 8RS, EV 85.6 MPH)
Pitching: RHP Matt Barnes
Batting: RHB Michael Hermosillo 0-0: Foul Ball, location: 2F
0-1: Called Strike
0-2: Strikes out looking
Batting: LHB Tommy La Stella 0-0: Ball
1-0: Called Strike
1-1: Ball
2-1: Ball
3-1: Foul Ball, location: 2F
3-2: Base on Balls
Batting: RHB Mike Trout 0-0: Ground out 4-3 (Groundball, 4, EV 87.5 MPH)
Top of the 8th over - 0 runs, 0 hits, 0 errors, 1 left on base; Los Angeles 5 - Boston 8
BOTTOM OF THE 8TH
Boston Red Sox batting - Pitching for Los Angeles Angels : RHP Justin Anderson
Pitching: RHP Hansel Robles
Batting: RHB Michael Chavis 0-0: Ground out 4-3 (Groundball, 4M, EV 91.9 MPH)
Batting: LHB Alex Verdugo 0-0: Called Strike
0-1: Called Strike
0-2: Ball
1-2: Fly out, F8 (Line Drive, 8RM, EV 86.3 MPH)
Batting: RHB Christian Vazquez 0-0: Called Strike
0-1: Swinging Strike
0-2: Ball
1-2: Fly out, F4 (Popup, 4, EV 80.0 MPH)
Bottom of the 8th over - 0 runs, 0 hits, 0 errors, 0 left on base; Los Angeles 5 - Boston 8
TOP OF THE 9TH
Los Angeles Angels batting - Pitching for Boston Red Sox : RHP Matt Barnes
Pitching: RHP Brandon Workman
Batting: RHB Anthony Rendon 0-0: Ball
1-0: Ground out 6-3 (Groundball, 6, EV 90.0 MPH)
Batting: LHB Shohei Ohtani 0-0: Swinging Strike
0-1: Ball
1-1: Swinging Strike
1-2: Ball
2-2: Ball
3-2: Strikes out looking
Batting: LHB Brian Goodwin 0-0: Ball
1-0: Foul Ball, location: 2F
1-1: Swinging Strike
1-2: Ball
2-2: Foul Ball, location: 2F
2-2: Strikes out swinging
Top of the 9th over - 0 runs, 0 hits, 0 errors, 0 left on base; Los Angeles 5 - Boston 8
Thursday, April 23rd, 2020 - OOTP Baseball 21.3 Build 45